 Dungeon Crawl Stone Soup version 0.24.1-8-ga250c9d538 (webtiles) character file.

Game seed: 14678233403303207410, levelgen mode: deterministic

100 Hugehornet the Insei (level 4, 0/28 HPs)
             Began as an Octopode Transmuter on May 8, 2020.
             Was an Initiate of Cheibriados.
             Slain by an orc
             ... wielding a +0 club
              (2 damage)
             ... on level 3 of the Dungeon.
             The game lasted 00:03:46 (2676 turns).

Hugehornet the Insei (Octopode Transmuter)          Turns: 2676, Time: 00:03:47

Health: 0/28       AC:  1    Str: 10    XL:     4   Next: 74%
Magic:  7/8        EV: 13    Int: 17    God:    Cheibriados [......]
Gold:   105        SH:  0    Dex: 13    Spells: 3/9 levels left

rFire    . . .     SeeInvis .     - Unarmed
rCold    . . .     Gourm    .   (no shield)
rNeg     . . .     Faith    .   (helmet restricted)
rPois    .         Spirit   .   (no amulet)
rElec    .         Reflect  .   (no ring)
rCorr    .         Harm     .   (no ring)
MR       .....                  (no ring)
Stlth    ++........             (no ring)
HPRegen  0.09/turn              (no ring)
MPRegen  0.11/turn              (no ring)
                                (no ring)
                                (no ring)

@: flying, very slightly contaminated, very slow
A: almost no armour, stealthy swim, amphibious, 8 rings, constrict 8, camouflage
1, gelatinous body 1
a: Bend Time, Renounce Religion


You were on level 3 of the Dungeon.
You worshipped Cheibriados.
Cheibriados was noncommittal.
You were hungry.

You visited 1 branch of the dungeon, and saw 3 of its levels.

You collected 105 gold pieces.

Inventory:

Missiles
 a - 12 arrows
Jewellery
 f - an uncursed amulet of guardian spirit
 o - an uncursed ring of ice {unknown}
Scrolls
 d - a scroll of fog {unknown}
 j - a scroll of magic mapping {unknown}
 k - a scroll of enchant weapon {unknown}
 n - a scroll of remove curse {unknown}
 q - 2 scrolls of identify {unknown}
Potions
 b - a potion of flight
 e - 2 potions of degeneration {unknown}
 g - a potion of might {unknown}
 h - a potion of magic {unknown}
 i - a potion of resistance {unknown}
 l - a potion of lignification {unknown}
 p - a potion of ambrosia {unknown}
Comestibles
 c - 3 rations
 m - 3 chunks of flesh


   Skills:
 - Level 1.0 Fighting
 - Level 2.0 Dodging
 + Level 3.0 Unarmed Combat
 + Level 3.0 Spellcasting
 * Level 3.0 Transmutations
 - Level 3.0 Poison Magic


You had 3 spell levels left.
You knew the following spells:

 Your Spells              Type           Power        Failure   Level  Hunger
a - Beastly Appendage     Tmut           ##....       4%          1    None
b - Sticks to Snakes      Tmut           ##......     8%          2    ##.....
c - Spider Form           Tmut/Pois      ##........   16%         3    ###....

Your spell library contained the following spells:

 Spells                   Type           Power        Failure   Level  Hunger
 Ice Form                 Ice/Tmut       #.......     67%         4    ####...
 Blade Hands              Tmut           ##........   80%         5    ######.


Dungeon Overview and Level Annotations

Branches:
Dungeon (3/15)

Altars:
Cheibriados
Yredelemnul


Innate Abilities, Weirdness & Mutations

You cannot wear most types of armour.
You are very stealthy in the water. (Stealth+)
You are amphibious.
You can wear up to eight rings at the same time.
You can use your tentacles to constrict eight enemies at once.
Your skin changes colour to match your surroundings (Stealth+).
Your rubbery body absorbs attacks. (AC +1, EV +1)


Message History

Confirm with . or Enter, or press ? or * to list all spells.
You miscast Spider Form.
Nothing appears to happen.
The orc closely misses you.
Your tentacle spike disappears.
The orc splashes around in the water.
You are feeling hungry.
Unknown command.
The orc priest calls down the wrath of Beogh upon you.
Beogh smites you! The orc barely misses you. The orc hits you with a +0 club.
The orc hits you with a +0 club.
* * * LOW HITPOINT WARNING * * *
The orc hits you with a +0 club.
* * * LOW HITPOINT WARNING * * *
The orc hits you with a +0 club.
* * * LOW HITPOINT WARNING * * *
It was a potion of flight.
You feel very buoyant.
You fly up into the air.
The orc hits you with a +0 club.
You die...

#...# #.#.#.#.)) #...#
...#..)#. ##..r#### #..###.##
#...o...######### #..# #...
#....##.#.......####..#####[
###.#####.#.#####.##..........
#...##....#...r.#.##.#..######
#.#######.###o#.#.##.##.#
#.......#r..#@#.r....##.#
#######.###.#####.#....>#
#...#...ro.o#.#####
###.####..#...# #.# #..#.###
#.####..#.# #.......#.#
######.##)# #.##.#


You could see an orc and a rat.

Vanquished Creatures
  2 adders
  2 oozes (D:2)
  2 worms (D:2)
  2 dart slugs (D:2)
  A leopard gecko (D:1)
  6 orcs
  6 bats
  A giant cockroach (D:1)
  8 goblins
  4 hobgoblins
  9 jackals
  3 kobolds
  A quokka (D:3)
  3 frilled lizards (D:2)
  3 rats
53 creatures vanquished.

Notes
Turn   | Place    | Note
-------+----------+-------------------------------------------
     0 | D:1      | Hugehornet the Octopode Transmuter began the quest for the
                  | Orb.
     0 | D:1      | Reached XP level 1. HP: 13/13 MP: 3/3
   220 | D:1      | Reached XP level 2. HP: 10/18 MP: 3/5
   224 | D:1      | Learned a level 2 spell: Sticks to Snakes
   913 | D:2      | Reached XP level 3. HP: 13/23 MP: 4/6
   918 | D:2      | Learned a level 3 spell: Spider Form
  1173 | D:2      | Reached skill level 1 in Poison Magic
  1670 | D:2      | Found a snail-covered altar of Cheibriados.
  1689 | D:2      | Reached XP level 4. HP: 18/28 MP: 6/8
  1868 | D:2      | Became a worshipper of Cheibriados the Contemplative
  2624 | D:3      | Found a basalt altar of Yredelemnul.
  2674 | D:3      | HP: 1/28 [orc/+0 club (3)]
  2676 | D:3      | Slain by an orc

Levels and vault maps discovered:
D:1:      ncdulo_lavacross, layout_basic
D:2:      layout_loops_ring, kennysheep_slug_shrine, minmay_tromino_v4_b
D:3:      layout_basic, nicolae_overflow_crystal_walls,
          chequers_serial_rivers_marsh

Skill      XL: |  1  2  3  4 |
---------------+-------------+-----
Transmutations | 3 |  3.0
Poison Magic   | 2 3 |  3.0
Spellcasting   | 3 |  3.0
Fighting       | |  1.0
Dodging        | |  2.0
Unarmed Combat | |  3.0

Action                   |  1- 3 |  4- 6 || total
-------------------------+-------+-------++-------
Melee: Unarmed           |    80 |    49 ||   129
       Tentacles         |    15 |     5 ||    20
       Constrict         |    25 |     8 ||    33
       Kick              |    17 |    11 ||    28
 Cast: Beastly Appendage |    19 |    10 ||    29
       Spider Form       |       |     1 ||     1
  Use: Potion            |       |     1 ||     1
 Stab: Sleeping          |     3 |     3 ||     6
  Eat: Chunk             |     2 |     4 ||     6
Armor: Skin              |    10 |     6 ||    16
Dodge: Dodged            |    49 |    38 ||    87
